 Dungeon Crawl Stone Soup version 0.27-a0-1200-g94dc6ad4cf (webtiles) character file.

Game seed: 6485948450383914154

492 Glokmah the Vexing (level 7, -2/52 HPs)
             Began as a Formicid Arcane Marksman on May 30, 2021.
             Succumbed to a scorpion's poison
             ... on level 4 of the Dungeon.
             The game lasted 00:09:11 (3656 turns).

Glokmah the Vexing (Formicid Arcane Marksman)       Turns: 3656, Time: 00:09:11

Health: -2/52      AC:  4    Str: 14    XL:     7   Next: 37%
Magic:  10/11      EV: 12    Int: 13    God:
Gold:   84         SH:  0    Dex: 13    Spells: 7/12 levels left

rFire    . . .     SeeInvis +   b - +1 quarterstaff (vorpal)
rCold    . . .     Faith    .   (no shield)
rNeg     . . .     Spirit   .   f - +1 robe {Will+}
rPois    .         Reflect  .   (helmet unavailable)
rElec    .         Harm     .   c - +0 cloak
rCorr    .         Rampage  .   (no gloves)
Will     +....                  (no boots)
Stlth    +.........             (no amulet)
HPRegen  0.17/turn              (no ring)
MPRegen  0.12/turn              (no ring)

@: lethally poisoned (-2 -> -30)
A: permanent stasis, dig shafts and tunnels, antennae 3, four strong arms
a: Dig, Shaft Self


You were on level 4 of the Dungeon.
You visited 1 branch of the dungeon, and saw 4 of its levels.

You collected 84 gold pieces.

Inventory:

Hand Weapons
 a - a +0 hand crossbow
 b - a +1 vorpal quarterstaff (weapon)
Missiles
 d - 18 bolts
 g - 22 poisoned darts (quivered)
Armour
 c - a +0 cloak (worn)
 f - a +1 robe of willpower (worn)
Jewellery
 i - an amulet of regeneration
Scrolls
 e - a scroll of silence
 h - 2 scrolls of blinking


   Skills:
 + Level 3.3 Fighting
 * Level 4.7 Crossbows
 - Level 1.7 Dodging
 + Level 3.1 Spellcasting
 + Level 5.1 Hexes
 - Level 2.0 Fire Magic


You had 7 spell levels left.
You knew the following spells:

 Your Spells              Type           Power      Damage    Failure   Level
b - Inner Flame           Hex/Fire       11%        N/A       16%         3
c - Slow                  Hex            15%        N/A       4%          2

Your spell library contained the following spells:

 Spells                   Type           Power      Damage    Failure   Level
 Corona                   Hex            16%        N/A       2%          1
 Sting                    Tmut/Pois      8%         1d3       22%         1
 Portal Projectile        Hex/Tloc       16%        N/A       24%         3
 Cause Fear               Hex            7%         N/A       28%         4
 Poisonous Vapours        Pois/Air       4%         N/A       34%         2
 Ignite Poison            Fire/Tmut/Pois 3%         N/A       45%         3
 Mephitic Cloud           Conj/Pois/Air  2%         N/A       56%         3
 Leda's Liquefaction      Hex/Erth       4%         N/A       61%         4
 Olgreb's Toxic Radiance  Pois           2%         N/A       92%         4


Dungeon Overview and Level Annotations

Branches:
Dungeon (4/15)
 Temple: D:4-7

Altars:
Vehumet
Yredelemnul

Annotations:
D:4 Eustachio


Innate Abilities, Weirdness & Mutations

You cannot be hasted, slowed, berserked, paralysed or teleported.
You can dig through walls and to a lower floor.
You have a pair of large antennae on your head. (SInv)
Your four strong arms can wield two-handed weapons with a shield.


Message History

The scorpion stings you.
You are more poisoned.
The scorpion poisons you!
You aren't carrying any potions.
Unknown command.
You aren't carrying any potions.
Unknown command.
Okay, then.
You closely miss Eustachio.
Eustachio is severely wounded.
You feel very sick.
Eustachio gestures wildly while chanting.
Eustachio blinks!
The scorpion misses you. The adder completely misses you.
The scorpion closely misses you.
You completely miss the adder.
You feel very sick. The adder closely misses you.
The scorpion stings you but does no damage.
You sock the adder!
You kill the adder!
You feel very sick. The scorpion stings you!
The scorpion stings you but does no damage.
Unknown command.
You closely miss the crimson imp.
You feel sick.
The crimson imp hits you but does no damage.
The scorpion closely misses you. The crimson imp hits you.
* * * LOW HITPOINT WARNING * * *
You hit the crimson imp but do no damage.
You feel sick. The scorpion stings you.
* * * LOW HITPOINT WARNING * * *
You are lethally poisoned!
The scorpion poisons you! The crimson imp barely misses you.
The scorpion stings you.
* * * LOW HITPOINT WARNING * * *
You are more poisoned.
The scorpion poisons you!
You closely miss the scorpion.
The scorpion is heavily wounded.
You die...

##.........#
#..........#
#.#........#
#.##.#...########
#.#...........
##.#.##########
#....## ##
#.#...##########
#. ..
#...@5@sJ...(( #.
...
#....###.##### ..
.. ####.# # # .{
..# .### K# .. {
#. #


You could see Eustachio, a scorpion (inner flame), a jelly and a crimson imp
(summoned).

Vanquished Creatures
  A human (D:3)
  An ogre (D:3)
  Jessica (D:2)
  Natasha (thrice) (D:3)
  A human skeleton (D:3)
  A statue (D:3)
  6 adders
  3 dart slugs
  3 worms
  An orc (D:3)
  5 endoplasms
  3 giant cockroaches
  8 goblins
  4 hobgoblins
  6 kobolds
  A quokka (D:3)
  10 ball pythons
  3 bats
  3 frilled lizards
  A kobold zombie (D:3)
  2 rats (D:1)
67 creatures vanquished.

Vanquished Creatures (others)
  A plant (D:4)
1 creature vanquished.

Grand Total: 68 creatures vanquished

Notes
Turn   | Place    | Note
-------+----------+-------------------------------------------
     0 | D:1      | Glokmah the Formicid Arcane Marksman began the quest for
                  | the Orb.
     0 | D:1      | Reached XP level 1. HP: 15/15 MP: 2/2
   140 | D:1      | Found a faded altar of an unknown god.
   179 | D:1      | Reached XP level 2. HP: 20/21 MP: 1/3
   534 | D:1      | Reached XP level 3. HP: 26/26 MP: 5/5
   543 | D:1      | Learned a level 3 spell: Inner Flame
   874 | D:2      | Reached skill level 4 in Hexes
   977 | D:2      | Noticed Jessica
   984 | D:2      | Killed Jessica
   985 | D:2      | Reached XP level 4. HP: 33/33 MP: 2/6
  1942 | D:3      | Found a radiant altar of Vehumet.
  1942 | D:3      | Noticed a frost-covered statue
  1979 | D:3      | Reached XP level 5. HP: 37/38 MP: 8/8
  1986 | D:3      | Learned a level 2 spell: Slow
  2165 | D:3      | Found a runed translucent door.
  2165 | D:3      | Noticed a human
  2174 | D:3      | Reached skill level 1 in Fire Magic
  2178 | D:3      | Found a basalt altar of Yredelemnul.
  2393 | D:3      | Killed a human
  2394 | D:3      | Reached XP level 6. HP: 41/46 MP: 3/9
  2857 | D:3      | Noticed an ogre
  2873 | D:3      | Killed an ogre
  2874 | D:3      | Reached XP level 7. HP: 52/52 MP: 3/11
  3015 | D:3      | Noticed Natasha
  3017 | D:3      | Killed Natasha
  3214 | D:3      | Noticed Natasha
  3219 | D:3      | Killed Natasha
  3220 | D:3      | Reached skill level 5 in Hexes
  3383 | D:3      | Noticed Natasha
  3385 | D:3      | Killed Natasha
  3637 | D:4      | Noticed Eustachio
  3656 | D:4      | Succumbed to a scorpion's poison

Illustrated notes

Levels and vault maps discovered:
D:1:      psy_arrival_conway, layout_rooms,
          hellmonk_ecumenical_altar_leap_of_faith, serial_forest,
          infiniplex_forest_end_double, infiniplex_forest_end_3,
          infiniplex_forest_lined_4_way, infiniplex_forest_straight_2,
          infiniplex_forest_diagonal, minmay_bisected
D:2:      layout_basic, uniq_jessica
D:3:      layout_basic, vehumet_statue, dk_yredelemnul_ordeal,
          chequers_serial_rivers_small_b, uniq_natasha
D:4:      layout_loops_ring, serial_bayou_ford_a, uniq_sigmund, uniq_eustachio

Skill      XL: |  1  2  3  4  5  6  7 |
---------------+----------------------+-----
Hexes          | 4 5 |  5.1
Fighting       | 2 3 |  3.3
Crossbows      | 3 4 |  4.7
Spellcasting   | 2 3 |  3.1
Fire Magic     | 1 2 |  2.0
Dodging        | |  1.7

Action                   |  1- 3 |  4- 6 |  7- 9 || total
-------------------------+-------+-------+-------++-------
Melee: Spear             |     9 |       |       ||     9
       Quarterstaff      |       |    51 |    15 ||    66
 Fire: Hand crossbow     |    56 |    43 |    14 ||   113
 Cast: Corona            |    10 |     3 |       ||    13
       Inner Flame       |     1 |     7 |     4 ||    12
       Slow              |       |     6 |       ||     6
  Use: Scroll            |       |     5 |     2 ||     7
Armor: Robe              |    14 |    25 |     6 ||    45
Dodge: Dodged            |    19 |    32 |    14 ||    65

Table legend: (Time is in decaauts)
 A = Elapsed time spent in this place.
 B = Non-inter-level travel time spent in this place.
 C = Inter-level travel time spent in this place.
 D = Time resting spent in this place.
 E = Time spent auto-exploring this place.
 F = Levels seen in this place.
 G = Mean time per level.
                   A        B        C        D        E       F      G
               +--------+--------+--------+--------+--------+-----+--------+
         Total |   3720 |   3471 |    249 |    767 |   1635 |   4 |  930.0 |
       Dungeon |   3720 |   3471 |    249 |    767 |   1635 |   4 |  930.0 |
               +--------+--------+--------+--------+--------+-----+--------+

Top non-repeatable levels by time:
     D:3: 1863 daAuts
     D:2: 964 daAuts
     D:1: 795 daAuts
     D:4: 97 daAuts
